 Dungeon Sprint DCSS version 0.30-a0-140-gd1020e658a (webtiles) character file.

Game seed: 7760873330976598667

1260 mhtbhm the Earth Mage (level 8, -3/44 HPs)
             Began as a Gargoyle Earth Elementalist on Sept 24, 2022.
             Was a Believer of Vehumet.
             Collided with a closed door to the Orcish Mines (6 damage)
             ... caused by Erica
             ... in the Dungeon (Sprint III: "The Ten Rune Challenge").
             The game lasted 00:02:27 (950 turns).

mhtbhm the Earth Mage (Gargoyle Earth Elementalist)  Turns: 950, Time: 00:02:27

Health: -3/44      AC: 11    Str: 11    XL:     8   Next: 52%
Magic:  13/22      EV: 13    Int: 19    God:    Vehumet [**....]
Gold:   23         SH:  0    Dex: 10    Spells: 18/28 levels left

rFire   . . .      SeeInvis .    k - +4 quarterstaff (chaos)
rCold   + . .      Faith    .    (shield currently unavailable)
rNeg    + . .      Spirit   .    a - +2 robe
rPois   ∞          Reflect  .    (no helmet)
rElec   +          Harm     .    j - +0 cloak
rCorr   .          Rampage  .    (no gloves)
Will    .....      NoTele   +    q - +0 pair of boots
Stlth   ++........               h - amulet of regeneration
HPRegen 0.94/turn                (no ring)
MPRegen 0.18/turn                (no ring)

@: no status effects
A: sickness immunity, AC +5, negative energy resistance 1, electricity
resistance, torment resistance 1, petrification resistance, cold resistance 1,
mutation resistance 1
a: Renounce Religion


You were in the Dungeon.
You worshipped Vehumet.
Vehumet was pleased with you.
You visited 1 branch You collected 23 gold pieces.

Inventory:

Hand Weapons
 k - a +4 quarterstaff of chaos (weapon)
Armour
 a - a +2 robe (worn)
 j - a +0 cloak (worn)
 q - a +0 pair of boots (worn)
Jewellery
 h - an amulet of regeneration (around neck)
Scrolls
 g - a scroll of blinking
 l - a scroll of torment {unknown}
 m - 2 scrolls of identify {unknown}
 o - a scroll of poison {unknown}
Potions
 b - 2 potions of magic
 c - 2 potions of curing
 e - a potion of haste
 f - a potion of berserk rage
 i - a potion of lignification {unknown}
 n - 3 potions of flight
 p - 4 potions of mutation
Miscellaneous
 d - a phantom mirror


   Skills:
 + Level 2.1 Fighting
 + Level 4.4 Dodging
 + Level 4.6 Stealth
 + Level 10.8 Spellcasting
 + Level 1.2 Conjurations
 + Level 0.8 Transmutations
 + Level 15.2 Earth Magic


You had 18 spell levels left.
You knew the following spells:

 Your Spells              Type           Power      Damage    Failure   Level
a - Sandblast             Erth           100%       2d20      0%          1
b - Passwall              Tmut/Erth      33%        N/A       1%          2
c - Stone Arrow           Conj/Erth      82%        3d12      1%          3
d - Petrify               Tmut/Erth      40%        N/A       2%          4

Your spell library contained the following spells:

 Spells                   Type           Power      Damage    Failure   Level
 Searing Ray              Conj           28%        2d5       6%          2
 Confusing Touch          Hex            10%        N/A       21%         3
 Yara's Violent Unravell  Hex/Tmut       5%         3d4       85%         5
 Enfeeble                 Hex            5%         N/A       100%        7


Dungeon Overview and Level Annotations

Branches:
Dungeon (1/1)

Altars:
Cheibriados
Dithmenos
Elyvilon
Fedhas
Gozag
Hepliaklqana
Kikubaaqudgha
Makhleb
Nemelex Xobeh
Okawaru
Qazlal
Ru
Sif Muna
Trog
Uskayaw
Vehumet
Wu Jian
Xom
Yredelemnul
Zin
The Shining One
Jiyva
Lugonu

Annotations:
D Erica


Innate Abilities, Weirdness & Mutations

You are immune to sickness and miasma.
Your stone body is resilient. (AC +5)
You are immune to poison.
You resist negative energy. (rN+)
You are resistant to electric shocks. (rElec)
You are resistant to unholy torment.
You are immune to petrification.
Your flesh is cold resistant. (rC+)
You are somewhat resistant to further mutation.


Message History

You open the door.
Okay, then.
There is an open door here.
Erica the Fiery-Tempered comes into view.
She is wielding a +1 scimitar of flaming.
Erica shouts!
Erica gestures at you while chanting. The lance of force hits you!
You are knocked back by the lance of force.
You slam into the rock wall!
Casting: Sandblast (safe; 0% risk of failure)
Confirm with . or Enter, or press ? or * to list all spells.
Aiming: Stone Arrow (safe; 1% risk of failure)
Press: ? - help, Shift-Dir - straight line, f - Erica
Aim: Erica, wielding a +1 scimitar of flaming and wearing a +0 robe (black smoke, 73% to hit)
The stone arrow hits Erica!!
Erica is heavily wounded.
Unknown command.
Casting: Stone Arrow (safe; 1% risk of failure)
Confirm with . or Enter, or press ? or * to list all spells.
Aiming: Stone Arrow (safe; 1% risk of failure)
Press: ? - help, Shift-Dir - straight line, f/p - Erica
Aim: Erica, wielding a +1 scimitar of flaming and wearing a +0 robe (black smoke, heavily wounded, 73% to hit)
The stone arrow hits Erica!
Erica is severely wounded.
Unknown command.
Unknown command.
Casting: Stone Arrow (safe; 1% risk of failure)
Confirm with . or Enter, or press ? or * to list all spells.
Aiming: Stone Arrow (safe; 1% risk of failure)
Press: ? - help, Shift-Dir - straight line, f/p - Erica
Aim: Erica, wielding a +1 scimitar of flaming and wearing a +0 robe (severely wounded, 73% to hit)
The stone arrow hits Erica!
Erica is almost dead.
Erica gestures at you while chanting. The lance of force hits you!!
Ouch! That really hurt!
* * * LOW HITPOINT WARNING * * *
You are knocked back by the lance of force.
You slam into the closed door to the Orcish Mines!
You die...

♣.############
♣♣.#___#___#__#
..#...#__)#)_#
♣♣.###)#'###'##
...#..........#
.♣.'.⌠........#
♣♣.#...######'#
...#.⌠.#__#...#+#####
...#...#__#...#.@~~§+
...#)###__#...#.#@§§#
...#.).#__#...'.#§§§#
...#___#__'...#.#...#
▓▓▓▓▓▓▓▓▓▓▓▓▓▓▓▓▓▓▓▓▓


You could see Erica.

Vanquished Creatures
  A deep elf pyromancer (D)
  A shadow (D)
  A spatial vortex (D)
  A necrophage (D)
  A water elemental (D)
  A jelly (D)
  A wizard (D)
  Crazy Yiuf (D)
  Jessica (D)
  A necromancer (D)
  3 humans (D)
  A kobold demonologist (D)
  An endoplasm (D)
  2 rats (D)
17 creatures vanquished.

Notes
Turn   | Place    | Note
-------+----------+-------------------------------------------
     0 | D        | mhtbhm the Gargoyle Earth Elementalist began the quest for
                  | the Orb.
     0 | D        | Reached XP level 1. HP: 10/10 MP: 3/3
     5 | D        | Reached skill level 4 in Earth Magic
    33 | D        | Noticed Jessica
    46 | D        | Killed Jessica
    47 | D        | Reached skill level 6 in Earth Magic
    47 | D        | Reached XP level 2. HP: 7/16 MP: 1/6
    47 | D        | Reached XP level 3. HP: 9/20 MP: 1/7
   242 | D        | Learned a level 2 spell: Passwall
   246 | D        | Learned a level 3 spell: Stone Arrow
   276 | D        | Reached skill level 7 in Earth Magic
   311 | D        | Noticed Crazy Yiuf
   316 | D        | Killed Crazy Yiuf
   317 | D        | Reached skill level 1 in Fighting
   317 | D        | Reached XP level 4. HP: 25/25 MP: 7/10
   354 | D        | Gained mutation: Your flesh is cold resistant. (rC+)
                  | [potion of mutation]
   354 | D        | Gained mutation: You are somewhat resistant to further
                  | mutation. [potion of mutation]
   374 | D        | Learned a level 4 spell: Petrify
   378 | D        | Noticed a water elemental
   381 | D        | Killed a water elemental
   382 | D        | Reached skill level 5 in Spellcasting
   382 | D        | Reached skill level 9 in Earth Magic
   382 | D        | Reached XP level 5. HP: 29/29 MP: 5/12
   435 | D        | Found a radiant altar of Vehumet.
   435 | D        | Found a shimmering blue altar of Sif Muna.
   435 | D        | Found an ancient bone altar of Kikubaaqudgha.
   440 | D        | Reached skill level 10 in Earth Magic
   444 | D        | Became a worshipper of Vehumet
   474 | D        | Found a glowing silver altar of Zin.
   474 | D        | Found a glowing golden altar of the Shining One.
   474 | D        | Found a white marble altar of Elyvilon.
   474 | D        | Noticed a deep elf pyromancer
   478 | D        | Killed a deep elf pyromancer
   479 | D        | Reached skill level 13 in Earth Magic
   479 | D        | Reached XP level 6. HP: 35/35 MP: 5/17
   479 | D        | Reached XP level 7. HP: 39/39 MP: 5/19
   568 | D        | Found a basalt altar of Yredelemnul.
   568 | D        | Found a shadowy altar of Dithmenos.
   568 | D        | Found a sacrificial altar of Ru.
   572 | D        | Reached * piety under Vehumet
   572 | D        | Offered knowledge of Magic Dart by Vehumet.
   594 | D        | Found a hide-covered altar of Uskayaw.
   594 | D        | Found an iron altar of Okawaru.
   594 | D        | Found a bloodstained altar of Trog.
   594 | D        | Found an ornate altar of the Wu Jian Council.
   594 | D        | Noticed a human
   594 | D        | Noticed a human
   596 | D        | Killed a human
   597 | D        | Reached skill level 14 in Earth Magic
   597 | D        | Reached XP level 8. HP: 44/44 MP: 13/21
   604 | D        | Reached skill level 10 in Spellcasting
   704 | D        | Noticed a shadow
   706 | D        | Offered knowledge of Searing Ray by Vehumet.
   706 | D        | Reached ** piety under Vehumet
   711 | D        | Killed a shadow
   712 | D        | Reached skill level 1 in Conjurations
   712 | D        | Reached skill level 15 in Earth Magic
   870 | D        | Found a blossoming altar of Fedhas.
   870 | D        | Found a stormy altar of Qazlal.
   870 | D        | Found a snail-covered altar of Cheibriados.
   870 | D        | Found a burning altar of Makhleb.
   870 | D        | Found a shimmering altar of Xom.
   871 | D        | Found a hazy altar of Hepliaklqana.
   871 | D        | Found an opulent altar of Gozag.
   871 | D        | Found a sparkling altar of Nemelex Xobeh.
   871 | D        | Found a corrupted altar of Lugonu.
   871 | D        | Found a viscous altar of Jiyva.
   947 | D        | Noticed Erica
   950 | D        | Collided with a closed door to the Orcish Mines

Illustrated notes

Levels and vault maps discovered:
D:        dungeon_sprint_mu [sprint_mu_entry_forest, sprint_mu_temple_rooms,
          sprint_mu_d1_horrors, sprint_mu_d2_genie, sprint_mu_d3_branching,
          sprint_mu_orc_legion, sprint_mu_elf_gauntlet, sprint_mu_hive_nellie,
          sprint_mu_lair_fedhas, sprint_mu_vaults_butterflies,
          sprint_mu_slime_circle, sprint_mu_swamp_cave, sprint_mu_snake_twists,
          sprint_mu_blade_basic, sprint_mu_crypt_fortress,
          sprint_mu_tomb_spiral, sprint_mu_vestibule_basic,
          sprint_mu_gehenna_hellfire, sprint_mu_dis_giant,
          sprint_mu_tartarus_statrot, sprint_mu_cocytus_islands, sprint_mu_zot1]

Skill      XL: |  1  2  3  4  5  6  7  8 |
---------------+-------------------------+-----
Earth Magic    | 6 7 9 13 14 15 | 15.2
Dodging        | 2 4 |  4.4
Spellcasting   | 3 4 5 8 9 10 | 10.8
Stealth        | 3 4 |  4.6
Fighting       | 1 2 |  2.1
Conjurations   | 1 |  1.2
Transmutations | |  0.8

Action                   |  1- 3 |  4- 6 |  7- 9 || total
-------------------------+-------+-------+-------++-------
 Cast: Sandblast         |    13 |     8 |    17 ||    38
       Stone Arrow       |       |     3 |     6 ||     9
  Use: Potion            |     1 |     1 |     1 ||     3
Armor: Robe              |       |       |     7 ||     7
Dodge: Dodged            |     4 |     2 |     7 ||    13

Table legend: (Time is in decaauts)
 A = Elapsed time spent in this place.
 B = Non-inter-level travel time spent in this place.
 C = Inter-level travel time spent in this place.
 D = Time resting spent in this place.
 E = Time spent auto-exploring this place.
 F = Levels seen in this place.
 G = Mean time per level.
                   A        B        C        D        E       F      G
               +--------+--------+--------+--------+--------+-----+--------+
         Total |    976 |    976 |      0 |    651 |      1 |   1 |  976.0 |
       Dungeon |    976 |    976 |      0 |    651 |      1 |   1 |  976.0 |
               +--------+--------+--------+--------+--------+-----+--------+

Top non-repeatable levels by time:
       D: 976 daAuts
